 Dungeon Crawl Stone Soup version 0.30.1-11-g7821555f0a (webtiles) character file.

Game seed: 11029906121274824430

512 booth the Cudgeller (level 7, -2/44 HPs)
             Began as a Gargoyle Monk on Oct 30, 2023.
             Slain by an orc warrior
             ... wielding a +0 short sword
              (5 damage)
             ... on level 6 of the Dungeon.
             The game lasted 00:12:38 (2249 turns).

booth the Cudgeller (Gargoyle Monk)                 Turns: 2249, Time: 00:12:39

Health: -2/44      AC:  9    Str: 17    XL:     7   Next: 19%
Magic:  7/7        EV: 13    Int: 10    God:
Gold:   195        SH:  5    Dex: 12    Spells: 6/6 levels left

rFire   . . .        a - +0 mace
rCold   . . .        d - orb {light}
rNeg    + . .        b - +0 robe
rPois   ∞            (no helmet)
rElec   +            (no cloak)
rCorr   .            f - +2 pair of gloves
SInv    .            (no boots)
Will    .....        o - amulet of reflection
Stlth   +            (no ring)
HPRegen 0.27/turn    (no ring)
MPRegen 0.10/turn

%: reflection
@: brilliant, glowing
A: sickness immunity, AC +4, negative energy resistance 1, electricity
resistance, torment resistance 1, petrification resistance
a: no special abilities


You were on level 6 of the Dungeon.
You visited 1 branch of the dungeon, and saw 4 of its levels.

You collected 195 gold pieces.

Inventory:

Hand Weapons
 a - a +0 mace (weapon)
Missiles
 j - 5 boomerangs (quivered)
Armour
 b - a +0 robe (worn)
 d - an orb of light (worn)
 f - a +2 pair of gloves (worn)
Jewellery
 o - an amulet of reflection (around neck)
Wands
 w - a wand of roots (12)
Scrolls
 e - a scroll of teleportation
 h - a scroll of fear
 n - 2 scrolls of enchant weapon {unknown}
 p - a scroll of acquirement {unknown}
 q - 2 scrolls of summoning {unknown}
 s - a scroll of vulnerability {unknown}
 t - a scroll of blinking {unknown}
 u - 3 scrolls of magic mapping {unknown}
Potions
 c - a potion of ambrosia
 g - a potion of resistance
 i - a potion of magic
 k - a potion of flight
 l - a potion of attraction {unknown}
 m - a potion of curing {unknown}
 r - 2 potions of brilliance
 v - a potion of heal wounds {unknown}


   Skills:
 + Level 5.2 Fighting
 * Level 5.9 Maces & Flails
 + Level 3.9 Dodging


You had 6 spell levels left.
You didn't know any spells.
Your spell library contained the following spells:

 Spells                   Type           Power      Damage    Failure   Level
 Summon Small Mammal      Summ           0%         N/A       36%         1
 Call Canine Familiar     Summ           0%         N/A       75%         3
 Summon Guardian Golem    Hex/Summ       0%         N/A       75%         3


Dungeon Overview and Level Annotations

Branches:
Dungeon (3/15)

Altars:


Innate Abilities, Weirdness & Mutations

You are immune to sickness and miasma.
Your stone body is resilient. (AC +4)
You are immune to poison.
You resist negative energy. (rN+)
You are resistant to electric shocks. (rElec)
You are resistant to unholy torment.
You are immune to petrification.


Message History

You hit the orc warrior but do no damage.
The orc warrior is moderately wounded.
The orc warrior closely misses you.
You barely miss the orc warrior.
The orc warrior is moderately wounded.
The orc warrior hits you with a +0 short sword.
The orc warrior hits you but does no damage.
You hit the orc warrior but do no damage.
The orc warrior is moderately wounded.
The orc warrior hits you with a +0 short sword.
You hit the orc warrior but do no damage.
The orc warrior is moderately wounded.
The orc warrior hits you but does no damage.
You barely miss the orc warrior.
The orc warrior is moderately wounded.
You block the orc warrior's attack.
You hit the orc warrior but do no damage.
The orc warrior is moderately wounded.
The orc warrior hits you with a +0 short sword.
You barely miss the orc warrior.
The orc warrior is moderately wounded.
The orc warrior barely misses you.
You hit the orc warrior but do no damage.
The orc warrior is moderately wounded.
The orc warrior barely misses you.
You hit the orc warrior but do no damage.
The orc warrior is moderately wounded.
The orc warrior hits you with a +0 short sword!
* * * LOW HITPOINT WARNING * * *
You thump the orc warrior!
The orc warrior is severely wounded.
The orc warrior hits you but does no damage.
You hit the orc warrior.
The orc warrior is severely wounded.
The orc warrior hits you with a +0 short sword!
* * * LOW HITPOINT WARNING * * *
It was a potion of brilliance.
You feel clever all of a sudden.
The orc warrior hits you with a +0 short sword.
You die...

#................#
#.##
#.........#.......#
#.#
#...........###.#.#
#.# #.........###
#.#.## #.#
#.........#
#.#...##.#
..........# #.#
#....# ####.....##
#.#####..#
#........#
#@####..##
#o####.## #o#....#
#...#### #..##
#...##### #...##..#
#...#..##
###.....#####


You could see an orc warrior and an orc.

Vanquished Creatures
  Grinder (D:3)
  A black bear (D:6)
  A hound (D:6)
  An orc priest (D:6)
  3 orc wizards (D:6)
  3 adders
  A white imp (D:6)
  A worm (D:2)
  A dart slug (D:1)
  3 orcs (D:6)
  3 bats
  6 endoplasms
  2 giant cockroaches (D:1)
  4 goblins
  6 hobgoblins
  4 jackals (D:1)
  2 quokkas (D:1)
  3 ball pythons
  2 frilled lizards
  2 kobolds (D:1)
  6 rats
56 creatures vanquished.

Notes
Turn   | Place    | Note
-------+----------+-------------------------------------------
     0 | D:1      | booth the Gargoyle Monk began the quest for the Orb.
     0 | D:1      | Reached XP level 1. HP: 14/14 MP: 1/1
   124 | D:1      | Reached XP level 2. HP: 19/19 MP: 2/2
   655 | D:1      | Reached XP level 3. HP: 24/24 MP: 3/3
  1052 | D:2      | Reached XP level 4. HP: 23/29 MP: 4/4
  1711 | D:3      | Noticed Grinder
  1734 | D:3      | Paralysed by Grinder for 4 turns
  1739 | D:3      | Paralysed by Grinder for 3 turns
  1745 | D:3      | Paralysed by Grinder for 3 turns
  1754 | D:3      | Paralysed by Grinder for 4 turns
  1763 | D:3      | Paralysed by Grinder for 2 turns
  1766 | D:3      | Killed Grinder
  1767 | D:3      | Reached skill level 5 in Maces & Flails
  1767 | D:3      | Reached XP level 5. HP: 30/34 MP: 5/5
  1767 | D:3      | Reached XP level 6. HP: 35/39 MP: 6/6
  1832 | D:3      | You fall into a shaft and drop 3 floors!
  1977 | D:6      | Noticed a black bear
  1997 | D:6      | Killed a black bear
  1998 | D:6      | Reached skill level 5 in Fighting
  1998 | D:6      | Reached XP level 7. HP: 30/44 MP: 7/7
  2249 | D:6      | Slain by an orc warrior

Illustrated notes

Levels and vault maps discovered:
D:1:      nzn_arrival_depleted_hourglass, layout_loops_ring,
          minmay_close_crescents
D:2:      layout_rooms
D:3:      mumra_celtic_spiral_tile, layout_loops_ring, minmay_strange_pillars,
          uniq_grinder
D:6:      layout_rooms, serial_shops, nicolae_shop_waterfront

Skill      XL: |  1  2  3  4  5  6 |
---------------+-------------------+-----
Dodging        | 3 |  3.9
Maces & Flails | 5 |  5.9
Fighting       | 4 5 |  5.2

Action                     |  1- 3 |  4- 6 |  7- 9 || total
---------------------------+-------+-------+-------++-------
  Melee: Mace              |    81 |    57 |    45 ||   183
  Throw: Boomerang         |       |    27 |     2 ||    29
    Use: Scroll            |     5 |     3 |       ||     8
         Potion            |       |       |     1 ||     1
 Armour: Robe              |    27 |    26 |    36 ||    89
  Dodge: Dodged            |    45 |    33 |    35 ||   113
  Block: Orb               |       |    20 |    14 ||    34
         Reflection        |       |     3 |       ||     3
